 Dungeon Crawl Stone Soup version 0.22-a0-179-gb5258fd (webtiles) character file.

102 Firecrotchwizard the Slasher (level 4, -5/41 HPs)
             Began as a Minotaur Fighter on Feb 14, 2018.
             Slain by a sky beast (6 damage)
             ... on level 2 of the Dungeon.
             The game lasted 00:02:00 (1143 turns).

Firecrotchwizard the Slasher (Minotaur Fighter)     Turns: 1143, Time: 00:02:01

Health: -5/41      AC:  6    Str: 20    XL:     4   Next: 50%
Magic:  3/3        EV:  7    Int:  9    God:
Gold:   94         SH:  9    Dex: 11    Spells: 3/3 levels left

rFire    . . .     SeeInvis .   a - +0 long sword
rCold    . . .     Gourm    .   c - +0 shield
rNeg     . . .     Faith    .   b - +0 scale mail
rPois    .         Spirit   .   (helmet restricted)
rElec    .         Reflect  .   (no cloak)
rCorr    .         Harm     .   (no gloves)
MR       .....     Rnd*Tele +   (no boots)
Stlth    ..........             (no amulet)
HPRegen  0.13/turn              k - ring of teleportation (curse) {+/*tele, !d}
MPRegen  0.08/turn              p - +4 ring of intelligence

@: no status effects
A: retaliatory headbutt, horns 2
a: no special abilities


You were on level 2 of the Dungeon.
You were not hungry.

You visited 1 branch of the dungeon, and saw 2 of its levels.

You collected 94 gold pieces.

Inventory:

Hand Weapons
 a - a +0 long sword (weapon)
 m - a +1 vampiric whip {!w}
   (You took it off a kobold on level 2 of the Dungeon)
 n - a +1 dagger of venom
   (You took it off a goblin on level 2 of the Dungeon)
 o - a +2 dagger of venom
   (You took it off a goblin on level 2 of the Dungeon)
Armour
 b - a +0 scale mail (worn)
 c - a +0 shield (worn)
Jewellery
 k - a cursed ring of teleportation (left hand) {+/*tele, !d}
   (You found it on level 1 of the Dungeon)
 p - a +4 ring of intelligence (right hand)
   (You found it on level 2 of the Dungeon)
Scrolls
 e - 2 scrolls of random uselessness {unknown}
 h - 2 scrolls of identify {unknown}
 i - 2 scrolls of remove curse {unknown}
 j - a scroll of enchant armour {unknown}
 r - a scroll of amnesia {unknown}
Potions
 d - a potion of might
 l - a potion of flight {unknown}
 q - a potion of heal wounds {unknown}
 s - 2 potions of brilliance {unknown}
Comestibles
 f - 7 rations {@e1}
 g - 3 chunks of flesh {@w0}


   Skills:
 + Level 4.7 Fighting
 * Level 5.0 Long Blades
 - Level 3.6 Armour
 - Level 3.6 Shields


You had 3 spell levels left.
You didn't know any spells.

Dungeon Overview and Level Annotations

Branches:
Dungeon (2/15)

Altars:


Innate Abilities, Weirdness & Mutations

You reflexively headbutt those who attack you in melee.
You have a pair of horns on your head.


Message History

You hit the kobold.
You kill the kobold!
Found a stone staircase leading down.
A kobold comes into view.
A kobold is nearby!
You hit the kobold.
You kill the kobold!
No target in view!
f - 7 rations {@e1} (gained 1)
A worm comes into view.
A worm is nearby!
A quokka comes into view.
You hit the worm but do no damage. The worm barely misses you.
You furiously retaliate!
You headbutt the worm!
You riposte.
You barely miss the worm. You barely miss the worm. You hit the worm.
You block the worm's attack. You block the quokka's attack.
You barely miss the worm. You block the quokka's attack.
The worm completely misses you.
You riposte.
You hit the worm.
You kill the worm!
You closely miss the quokka. Your headbutt misses the quokka.
You block the quokka's attack.
You hit the quokka but do no damage.
The quokka bites you but does no damage.
The quokka bites you.
You take 4 damage, and have 37/41 hp.
You slash the quokka!
You kill the quokka!
Your Long Blades skill increases to level 5!
No target in view!
You butcher the quokka corpse.
g - 4 chunks of flesh {@w0} (gained 1)
You butcher the worm corpse.
g - 5 chunks of flesh {@w0} (gained 1) Some of the chunks of flesh in your inventory have rotted away.
A sky beast comes into view.
Health restored: 41 A sky beast is nearby!
You hit the sky beast but do no damage. Your headbutt misses the sky beast.
You block the sky beast's attack.
You slash the sky beast! You headbutt the sky beast.
The sky beast hits you but does no damage.
You closely miss the sky beast.
The sky beast flickers out of sight!
Deactivating autopickup; reactivate with Ctrl-A.
Something hits you but does no damage. Something completely misses you.
No target in view!
No target in view!
You hit something but do no damage. Your headbutt misses something.
Something hits you but does no damage.
You miss something.
A sky beast appears from thin air!
Reactivating autopickup.
The sky beast hits you but does no damage.
Some of the chunks of flesh in your inventory have rotted away.
You barely miss the sky beast. Your headbutt misses the sky beast.
You block the sky beast's attack.
You slash the sky beast! Your headbutt misses the sky beast.
The sky beast flickers out of sight!
Deactivating autopickup; reactivate with Ctrl-A.
Something hits you but does no damage. Something hits you.
Something shocks you.
You take 9 damage, and have 32/41 hp.
MASSIVE DAMAGE!!
Your shield and scale mail prevent you from hitting something.
A sky beast appears from thin air!
Reactivating autopickup.
The sky beast hits you. The sky beast shocks you.
You take 7 damage, and have 25/41 hp.
You closely miss the sky beast. Your headbutt misses the sky beast.
The sky beast hits you but does no damage.
You closely miss the sky beast.
The sky beast hits you but does no damage.
You hit the sky beast. You block the sky beast's attack.
You miss the sky beast. Your headbutt misses the sky beast.
The sky beast flickers out of sight!
Deactivating autopickup; reactivate with Ctrl-A.
Something hits you but does no damage. x2
You miss something. Something hits you but does no damage.
You miss something. Something hits you. Something shocks you.
You take 8 damage, and have 18/41 hp.
You miss something. Your headbutt misses something.
Something hits you but does no damage.
Your shield prevents you from hitting something.
A sky beast appears from thin air!
Reactivating autopickup.
The sky beast barely misses you. The sky beast hits you.
The sky beast shocks you.
* * * LOW HITPOINT WARNING * * *
You take 6 damage, and have 12/41 hp.
You miss the sky beast. The sky beast hits you.
* * * LOW HITPOINT WARNING * * *
The sky beast shocks you.
* * * LOW HITPOINT WARNING * * *
You take 8 damage, and have 4/41 hp.
You closely miss the sky beast. You block the sky beast's attack.
You barely miss the sky beast.
The sky beast flickers out of sight!
Deactivating autopickup; reactivate with Ctrl-A.
Something hits you.
* * * LOW HITPOINT WARNING * * *
Something shocks you.
You die...

##### ..... ##### ..... .#
#...####.## .####.#
#.........#.....#.############
#....#......#.. ..............
####....#....###{###.............
......#.#.######@#...........##..
.####.>......................##..
...........#.###.#...............
..###..###.#.###.###.#...........
..###............................
..##........#######..........####
..##.#.........# #....#.#...#
#...........##.####....#..รท..#
#....#.#######...#...#.#.....##


There were no monsters in sight!

Vanquished Creatures
  A gnoll (D:1)
  2 adders (D:2)
  2 worms (D:2)
  5 dart slugs
  2 leopard geckos
  A ball python (D:1)
  7 bats
  2 giant cockroaches (D:1)
  7 goblins
  2 hobgoblins
  2 jackals (D:2)
  12 kobolds
  A quokka (D:2)
  8 frilled lizards
  3 rats
57 creatures vanquished.

Notes
Turn   | Place    | Note
-------+----------+-------------------------------------------
     0 | D:1      | Firecrotchwizard the Minotaur Fighter began the quest for the Orb.
     0 | D:1      | Reached XP level 1. HP: 19/19 MP: 0/0
    95 | D:1      | Reached skill level 3 in Long Blades
    95 | D:1      | Reached XP level 2. HP: 22/27 MP: 1/1
   135 | D:1      | Reached skill level 4 in Fighting
   174 | D:1      | Reached XP level 3. HP: 33/33 MP: 2/2
   268 | D:1      | Reached skill level 4 in Long Blades
   828 | D:2      | Reached XP level 4. HP: 41/41 MP: 3/3
  1070 | D:2      | Reached skill level 5 in Long Blades
  1124 | D:2      | Noticed a sky beast
  1141 | D:2      | HP: 10/41 [sky beast (2)]
  1141 | D:2      | HP: 4/41 [sky beast (6)]
  1143 | D:2      | HP: 1/41 [something (4)]
  1143 | D:2      | Slain by a sky beast

Vault maps used:
D:1:      matt_arrival_diagonals
D:2:      serial_park_tiny_pond

Skill      XL: |  1  2  3  4 |
---------------+-------------+-----
Long Blades    | 3 4 5 |  5.0
Fighting       | 4 |  4.7
Armour         | |  3.6
Shields        | |  3.6

Action                   |  1- 3 |  4- 6 || total
-------------------------+-------+-------++-------
Melee: Long sword        |    87 |    56 ||   143
       Headbutt          |    14 |     5 ||    19
  Eat: Chunk             |       |     1 ||     1
Armor: Scale mail        |    31 |    18 ||    49
Dodge: Dodged            |    25 |    15 ||    40
Block: Shield            |    46 |    27 ||    73
       Rpst.: Long sword |    13 |     5 ||    18

Table legend:
 A = Spawn XP
 B = Non-spawn XP
 C = Spawn XP percentage of total XP
 D = Spawn monster count
 E = Non-spawn monster count
 F = Spawn count percentage of total count
 G = Total turns spent on level
                    A         B        C        D         E        F      G
               +---------+---------+-------+---------+---------+-------+---------
         Total |       0 |     147 |   0.0 |       0 |      57 |   0.0 |  1143
               +---------+---------+-------+---------+---------+-------+---------
           D:1 |       0 |      73 |   0.0 |       0 |      31 |   0.0 |   718
           D:2 |       0 |      74 |   0.0 |       0 |      26 |   0.0 |   425
               +---------+---------+-------+---------+---------+-------+---------

Vault maps used:
D:1:      matt_arrival_diagonals
D:2:      serial_park_tiny_pond

Table legend:
 A = Turns spent in this place as a percentage of turns spent in the entire game.
 B = Non-inter-level travel turns spent in this place as a percentage of non-inter-level travel turns spent in the entire game.
 C = Inter-level travel turns spent in this place as a percentage of turns spent in this place.
 D = Turns resting spent in this place as a percentage of non-inter-level travel turns spent in this place.
 E = Turns spent auto-exploring this place as a percentage of non-inter-level travel turns spent in this place.
 F = Non-inter-level travel turns spent in this place divided by the number of levels of this place that you've seen.
                   A       B       C       D       E      F
               +-------+-------+-------+-------+-------+----------------------
         Total | 100.0 | 100.0 |   0.6 |   5.4 |  70.7 | 568.0
       Dungeon | 100.0 | 100.0 |   0.6 |   5.4 |  70.7 | 568.0
               +-------+-------+-------+-------+-------+----------------------

Table legend:
 A = Kills in this place as a percentage of kills in entire the game.
 B = Kills by you in this place as a percentage of kills by you in the entire game.
 C = Kills by friends in this place as a percentage of kills by friends in the entire game.
 D = Other kills in this place as a percentage of other kills in the entire game.
 E = Experience gained in this place as a percentage of experience gained in the entire game.
 F = Experience gained in this place divided by the number of levels of this place that you have seen.
                   A       B       C       D       E      F
               +-------+-------+-------+-------+-------+----------------------
         Total | 100.0 | 100.0 |   N/A |   N/A | 100.0 |  73.5
       Dungeon | 100.0 | 100.0 |   N/A |   N/A | 100.0 |  73.5
               +-------+-------+-------+-------+-------+----------------------
